 Dungeon Crawl Stone Soup version 0.30-a0-329-g85436e0a43 (webtiles) character file.

Game seed: 16554289536447288489

3539 funkygono the Arsonist (level 10, -1/52 HPs)
             Began as a Gargoyle Fire Elementalist on Oct 28, 2022.
             Was a Follower of Vehumet.
             Slain by a yak (13 damage)
             ... on level 8 of the Dungeon.
             The game lasted 00:11:52 (9547 turns).

funkygono the Arsonist (Gargoyle Fire Elementalist) Turns: 9547, Time: 00:11:52

Health: -1/52      AC: 14    Str: 13    XL:     10   Next: 8%
Magic:  2/23       EV: 12    Int: 19    God:    Vehumet [*.....]
Gold:   437        SH:  0    Dex: 10    Spells: 17/27 levels left

rFire   . . .      SeeInvis .    e - +0 whip
rCold   . . .      Faith    .    (no shield)
rNeg    + . .      Spirit   .    a - +0 robe
rPois   ∞          Reflect  .    y - +0 helmet
rElec   +          Harm     .    c - +1 cloak
rCorr   .          Rampage  .    x - +1 pair of gloves
Will    .....                    (no boots)
Stlth   ++........               (no amulet)
HPRegen 0.28/turn                s - +4 ring of slaying
MPRegen 0.18/turn                (no ring)

@: no status effects
A: sickness immunity, AC +7, negative energy resistance 1, electricity
resistance, torment resistance 1, petrification resistance
a: Renounce Religion


You were on level 8 of the Dungeon.
You worshipped Vehumet.
Vehumet was aware of your devotion.
You visited 1 branch of the dungeon, and saw 8 of its levels.

You collected 437 gold pieces.

Inventory:

Hand Weapons
 e - a +0 whip (weapon)
Armour
 a - a +0 robe (worn)
 c - a +1 cloak (worn)
 q - the +2 leather armour "Keso" {*Slow rF+ rC+}
   (You found it on level 2 of the Dungeon)

   rF:        It protects you from fire.
   rC:        It protects you from cold.
   *Slow:     It may slow you when you take damage.
 x - a +1 pair of gloves (worn)
 y - a +0 helmet (worn)
Magical Staves
 t - a staff of earth
Jewellery
 o - an amulet of guardian spirit
 s - a +4 ring of slaying (left hand)
 C - a ring of fire
Wands
 p - a wand of light (25)
 B - a wand of digging (5)
Scrolls
 f - 3 scrolls of amnesia
 k - 6 scrolls of teleportation
 m - a scroll of vulnerability
 r - a scroll of immolation {unknown}
 A - a scroll of identify
 D - a scroll of blinking
Potions
 b - 2 potions of magic
 d - 4 potions of mutation
 g - a potion of lignification {unknown}
 h - 3 potions of haste
 i - 2 potions of resistance {unknown}
 j - 4 potions of heal wounds {unknown}
 l - 2 potions of curing {unknown}
 n - a potion of berserk rage {unknown}
 u - a potion of cancellation {unknown}
 v - a potion of might {unknown}
 w - a potion of attraction {unknown}
 z - a potion of flight {unknown}


   Skills:
 + Level 1.2 Fighting
 + Level 0.7 Maces & Flails
 + Level 2.1 Dodging
 + Level 3.0 Stealth
 * Level 9.0 Spellcasting
 * Level 5.2 Conjurations
 * Level 9.2 Fire Magic
 + Level 0.1 Air Magic


You had 17 spell levels left.
You knew the following spells:

 Your Spells              Type           Power      Damage    Failure   Level
a - Foxfire               Conj/Fire      100%       2x1d9     1%          1
b - Scorch                Fire           86%        2d9       1%          2
c - Kindle Blastsparks    Fire/Tloc/Air  40%        2d13      7%          3
d - Flame Wave            Conj/Fire      36%        2d10      4%          4

Your spell library contained the following spells:

 Spells                   Type           Power      Damage    Failure   Level
 Static Discharge         Conj/Air       36%        2-4/arc   4%          2
 Inner Flame              Hex/Fire       26%        N/A       3%          3
 Ensorcelled Hibernation  Hex/Ice        16%        N/A       12%         2
 Passwall                 Tmut/Erth      6%         N/A       12%         2
 Gell's Gravitas          Tloc           8%         N/A       24%         3
 Lesser Beckoning         Tloc           16%        N/A       24%         3
 Swiftness                Air            9%         N/A       24%         3
 Teleport Other           Tloc           8%         N/A       24%         3


Dungeon Overview and Level Annotations

Branches:
Dungeon (8/15)             Temple (0/1) D:5
   Lair: D:8-11

Altars:
Gozag
Makhleb
Sif Muna
Vehumet
Yredelemnul


Innate Abilities, Weirdness & Mutations

You are immune to sickness and miasma.
Your stone body is resilient. (AC +7)
You are immune to poison.
You resist negative energy. (rN+)
You are resistant to electric shocks. (rElec)
You are resistant to unholy torment.
You are immune to petrification.


Message History

You have reached level 10!
A wave of flame ripples out!
The flame wave engulfs the yak!
The yak is severely wounded.
The flame wave engulfs the yak.
The yak is moderately wounded.
The yak closely misses you.
Without enough magic to sustain them, the waves of flame dissipate.
The yak gores you but does no damage.
Unknown command.
You hit the yak but do no damage.
The yak is severely wounded.
The yak gores you.
You closely miss the yak.
The yak is severely wounded.
The yak misses you.
You hit the yak.
The yak is severely wounded.
The yak closely misses you.
You barely miss the yak.
The yak is severely wounded.
The yak barely misses you.
You barely miss the yak.
The yak is severely wounded.
The yak gores you but does no damage.
You hit the yak.
The yak is almost dead.
The yak gores you!
You closely miss the yak.
The yak is almost dead.
The yak gores you.
You hit the yak.
You kill the yak!
Vehumet accepts your kill.
Your Spellcasting skill increases to level 9!
You barely miss the yak.
The yak is moderately wounded.
The yak gores you!
* * * LOW HITPOINT WARNING * * *
The yak attacks as you move away! The yak gores you!
You die...

### ##### #...
########.## .#
......YY..#..#
########@.#..#.
########..#..#.##
...............>#
########..#.>#..#
##.# #..#..#..#
.#.#
#######..#..#..#
.#.#
........<#..#..#
.#.#
########....#..#
.#.#
#####.#.....#


You could see 2 yaks.

Vanquished Creatures
  A hornet (D:7)
  Sigmund (D:5)
  4 yaks (D:8)
  A wyvern (D:8)
  A steam dragon (D:8)
  Duvessa (D:7)
  A water moccasin (D:8)
  A black bear (D:6)
  3 orc warriors
  An ice beast (D:8)
  3 ogres
  2 centaurs (D:6)
  A kobold brigand (D:7)
  3 bullfrogs
  A scorpion (D:5)
  3 wights
  Dowan (D:7)
  A howler monkey (D:5)
  6 hounds
  A jelly (D:7)
  5 orc priests
  Jessica (D:3)
  An iguana (D:6)
  2 orc wizards
  6 gnolls
  6 adders
  3 shadow imps
  An ufetubus (D:6)
  2 worms (D:2)
  2 dart slugs (D:2)
  17 orcs
  8 endoplasms
  2 giant cockroaches
  2 goblins
  13 hobgoblins
  3 quokkas
  6 ball pythons
  2 bats (D:2)
  A frilled lizard (D:3)
  11 kobolds
  A rat (D:2)
132 creatures vanquished.

Vanquished Creatures (others)
  411 foxfires
411 creatures vanquished.

Grand Total: 543 creatures vanquished

Notes
Turn   | Place    | Note
-------+----------+-------------------------------------------
     0 | D:1      | funkygono the Gargoyle Fire Elementalist began the quest
                  | for the Orb.
     0 | D:1      | Reached XP level 1. HP: 10/10 MP: 3/3
   489 | D:1      | Reached XP level 2. HP: 15/15 MP: 1/5
   535 | D:1      | Learned a level 2 spell: Scorch
  1093 | D:2      | Reached XP level 3. HP: 19/19 MP: 1/6
  1097 | D:2      | Learned a level 3 spell: Kindle Blastsparks
  1473 | D:2      | Identified the +2 leather armour "Keso" {*Slow rF+ rC+}
  2059 | D:3      | Reached XP level 4. HP: 24/24 MP: 4/7
  2379 | D:3      | Identified the +6 short sword of Uxonuing {protect, *Slow
                  | Int+5}
  2552 | D:3      | Noticed Jessica
  2561 | D:3      | Killed Jessica
  2895 | D:3      | Reached XP level 5. HP: 28/28 MP: 4/9
  4378 | D:2      | Learned a level 4 spell: Flame Wave
  4445 | D:5      | Entered Level 5 of the Dungeon
  4465 | D:5      | Reached XP level 6. HP: 32/32 MP: 6/12
  4561 | D:5      | Noticed Sigmund
  4569 | D:5      | Killed Sigmund
  4593 | D:5      | Reached skill level 5 in Spellcasting
  4593 | D:5      | Reached skill level 5 in Fire Magic
  4593 | D:5      | Reached XP level 7. HP: 15/36 MP: 0/14
  4814 | D:5      | Found a radiant altar of Vehumet.
  4817 | D:5      | Found an opulent altar of Gozag.
  4819 | D:5      | Found a basalt altar of Yredelemnul.
  4823 | D:5      | Became a worshipper of Vehumet
  4886 | D:5      | Found a staircase to the Ecumenical Temple.
  4924 | D:5      | Found a burning altar of Makhleb.
  5728 | D:6      | Found a shimmering blue altar of Sif Muna.
  5743 | D:6      | Reached XP level 8. HP: 41/41 MP: 12/17
  6150 | D:6      | Reached * piety under Vehumet
  6150 | D:6      | Offered knowledge of Freeze by Vehumet.
  6786 | D:7      | Noticed Dowan
  6789 | D:7      | Killed Dowan
  6790 | D:7      | Noticed Duvessa
  6863 | D:7      | Killed Duvessa
  6864 | D:7      | Reached XP level 9. HP: 14/46 MP: 5/19
  7509 | D:7      | Noticed a hornet
  7518 | D:7      | Killed a hornet
  7719 | D:7      | Reached skill level 1 in Fighting
  9529 | D:8      | Reached skill level 5 in Conjurations
  9534 | D:8      | Offered knowledge of Static Discharge by Vehumet.
  9535 | D:8      | Reached XP level 10. HP: 29/52 MP: 1/22
  9547 | D:8      | Slain by a yak

Illustrated notes

Levels and vault maps discovered:
D:1:      dreamdust_arrival_beginning_and_end, layout_basic,
          minmay_misc_feat_nine_boxes
D:2:      layout_rooms, grunt_ministairs_5, minmay_misc_feat_doors,
          minmay_fountain_box, chequers_serial_rivers_micro_e
D:3:      layout_loops_corners, uniq_jessica
D:4:      layout_layer_cave
D:5:      layout_cave_pools, minitemple, old_standard_altar,
          minmay_temple_entry_waves, kennysheep_doodads, uniq_sigmund
D:6:      layout_basic, overflow_temple_1_default
D:7:      layout_layer_cave, uniq_duvessa
D:8:      layout_basic, nicolae_wu_jian_immortal_techniques, uniq_psyche

Skill      XL: |  1  2  3  4  5  6  7  8  9 10 |
---------------+-------------------------------+-----
Conjurations   | 2 3 4 5 |  5.2
Fire Magic     | 4 5 7 9 |  9.2
Spellcasting   | 3 4 5 6 7 8 9 |  9.0
Dodging        | 2 |  2.1
Fighting       | 1 |  1.2
Stealth        | 3 |  3.0
Maces & Flails | |  0.7
Air Magic      | |  0.1

Action                   |  1- 3 |  4- 6 |  7- 9 | 10-12 || total
-------------------------+-------+-------+-------+-------++-------
Melee: Whip              |    17 |     6 |    14 |     9 ||    46
 Cast: Foxfire           |    56 |    51 |   129 |       ||   236
       Scorch            |     4 |    10 |    69 |       ||    83
       Kindle Blastspark |       |       |     2 |       ||     2
       Flame Wave        |       |       |     6 |       ||     6
  Use: Scroll            |     6 |     2 |     5 |       ||    13
Armor: Robe              |     8 |     3 |    39 |     2 ||    52
Dodge: Dodged            |    14 |    14 |    62 |     4 ||    94

Table legend: (Time is in decaauts)
 A = Elapsed time spent in this place.
 B = Non-inter-level travel time spent in this place.
 C = Inter-level travel time spent in this place.
 D = Time resting spent in this place.
 E = Time spent auto-exploring this place.
 F = Levels seen in this place.
 G = Mean time per level.
                   A        B        C        D        E       F      G
               +--------+--------+--------+--------+--------+-----+--------+
         Total |   9556 |   9285 |    271 |    866 |   7289 |   8 | 1194.5 |
       Dungeon |   9556 |   9285 |    271 |    866 |   7289 |   8 | 1194.5 |
               +--------+--------+--------+--------+--------+-----+--------+

Top non-repeatable levels by time:
     D:7: 1518 daAuts
     D:6: 1471 daAuts
     D:4: 1352 daAuts
     D:2: 1149 daAuts
     D:8: 1094 daAuts
     D:3: 1083 daAuts
     D:5: 1024 daAuts
     D:1: 862 daAuts
